 Dungeon Crawl Stone Soup version 0.18-a0-1433-g1d8109a (webtiles) character file.

6947 Oddball22 the Covert (level 10, -11/53 HPs)
             Began as a Spriggan Artificer on Feb 28, 2016.
             Was a Priest of Pakellas.
             Mangled by a griffon (16 damage)
             ... on level 10 of the Dungeon.
             The game lasted 00:35:40 (10807 turns).

Oddball22 the Covert (Spriggan Artificer)          Turns: 10807, Time: 00:35:40

Health: -11/53     AC:  3    Str:  8    XL:     10   Next: 80%
Magic:  16/16      EV: 31    Int: 13    God:    Pakellas [***...]
Gold:   343        SH:  0    Dex: 23    Spells: 0 memorised, 9 levels left

rFire  . . .     SeeInvis +     I - +3 quarterstaff (chaos)
rCold  . . .     Gourm    .     b - +0 robe
rNeg   . . .     Faith    .     (shield currently unavailable)
rPois  .         Spirit   .     (helmet restricted)
rElec  .         Dismiss  .     r - +0 cloak
rCorr  .         Reflect  .     (gloves unavailable)
SustAt .         Harm     .     (boots unavailable)
MR     +....                    y - amulet of regeneration
Stlth  ++++++....               t - +3 ring of dexterity
                                M - +5 ring of slaying

@: very quick, somewhat resistant to hostile enchantments, very stealthy
A: unfitting armour, see invisible, herbivore 3, speed 3, slow metabolism 2
a: Quick Charge, Device Surge, Renounce Religion


You were on level 10 of the Dungeon.
You worshipped Pakellas.
Pakellas was most pleased with you.
You were hungry.

You visited 2 branches of the dungeon, and saw 11 of its levels.

You collected 343 gold pieces.

Inventory:

Hand Weapons
 a - a +0 short sword
 I - a +3 quarterstaff of chaos (weapon)
Missiles
 v - 46 poisoned needles
Armour
 b - a +0 robe (worn)
 r - a +0 cloak (worn)
Jewellery
 n - an uncursed ring of protection from fire
 t - a +3 ring of dexterity (right hand)
 u - an uncursed ring of poison resistance
 y - an amulet of regeneration (around neck)
 F - an uncursed ring of flight
 M - a +5 ring of slaying (left hand)
Wands
 c - a wand of flame (0/48)
 d - a wand of enslavement (13/24)
 e - a wand of random effects (0/48)
 l - a wand of iceblast (0/15)
 A - a wand of confusion (16/48)
 B - a wand of random effects (29/48)
 N - a wand of flame (24/48)
 O - a wand of polymorph (6/24)
 P - a wand of paralysis (11/24)
Scrolls
 h - a scroll of noise {unknown}
 m - 3 scrolls of remove curse
 p - 8 scrolls of identify
 w - a scroll of enchant weapon {unknown}
 E - a scroll of enchant armour {unknown}
 G - 2 scrolls of blinking {unknown}
 K - a scroll of magic mapping {unknown}
 L - 2 scrolls of immolation {unknown}
Potions
 g - a potion of agility {unknown}
 i - a potion of heal wounds {unknown}
 j - 3 potions of curing
 k - 2 potions of flight
 o - 2 potions of haste {unknown}
 q - a potion of mutation {unknown}
 s - a potion of magic {unknown}
 x - a potion of brilliance {unknown}
 z - 2 potions of cancellation {unknown}
 D - a potion of beneficial mutation {unknown}
 H - 2 potions of ambrosia {unknown}
 Q - a potion of invisibility {unknown}
Comestibles
 f - 6 bread rations
 C - 25 fruits
 J - 2 slices of pizza


   Skills:
 + Level 6.5 Fighting
 + Level 8.6 Short Blades
 + Level 11.5 Dodging
 * Level 12.3 Stealth
 + Level 7.7 Evocations


You had 9 spell levels left.
You didn't know any spells.

Dungeon Overview and Level Annotations

Branches:
Dungeon (10/15)            Temple (1/1) D:6            Lair (0/8) D:8
    Orc: D:9-12

Altars:
Ashenzari
Cheibriados
Dithmenos
Elyvilon
Fedhas
Gozag
Kikubaaqudgha
Makhleb
Nemelex Xobeh
Okawaru
Pakellas
Qazlal
Ru
Sif Muna
Trog
Vehumet
Xom
Yredelemnul
Zin
The Shining One

Annotations:
D:4 Duvessa


Innate Abilities, Weirdness & Mutations

You are tiny and cannot use many weapons and most armour.
You have supernaturally acute eyesight.
You are an herbivore.
You cover ground extremely quickly.
You need consume almost no food.


Message History

The griffon is severely wounded.
You sock the griffon! You freeze the griffon.
The griffon is severely wounded.
You hit the griffon.
The griffon is severely wounded.
The helpless griffon fails to defend itself.
You sock the griffon!
The griffon is poisoned.
The griffon is almost dead.
The griffon is no longer petrified.
The griffon barely misses you. The griffon pecks you.
* * * LOW HITPOINT WARNING * * *
The griffon claws you but does no damage.
The griffon closely misses you. The griffon pecks you.
* * * LOW HITPOINT WARNING * * *
The griffon barely misses you.
You hit the griffon but do no damage.
The griffon is almost dead.
The griffon bites you!
You die...
Pakellas says: Back to the drawing board!

.Y. Y......#.#......... ..
.......#.##.......# # #.
..........#......... #. #$
...........#......... #..#.
#..................... .#....
#..................... ......
#...........#......... .....#
##............@H.....# ... #
#........†....#.....## . #
###..........#..##.#### .. #
.............#....... .....#
.............##.#..#.. ..........
.............##.#..####.........#
.........).......................
...##.......#..........#.........
####.........................


You could see a griffon (invisible).

Vanquished Creatures
  A spark wasp (D:10)
  A komodo dragon (D:10)
  8 yaks
  A wyvern (D:9)
  2 hungry ghosts
  A hippogriff (D:9)
  Menkaure (D:6)
  A gnoll sergeant (D:6)
  2 orc warriors
  4 ice beasts
  An eye of draining (D:9)
  3 centaurs
  5 ogres
  A big kobold (D:8)
  2 giant frogs
  2 scorpions
  Dowan (D:4)
  3 killer bees (D:9)
  3 wights (D:9)
  9 howler monkeys
  4 crimson imps
  3 hounds
  An iron imp (D:6)
  A jelly (D:7)
  8 orc priests
  5 centaur skeletons
  6 orc wizards
  Crazy Yiuf (D:4)
  A giant frog skeleton (D:9)
  Jessica (D:2)
  4 iguanas
  4 worker ants
  2 worker ant zombies (D:5)
  14 adders
  9 gnolls
  A river rat (D:9)
  3 shadow imps
  An ooze (D:2)
  3 worms
  2 dart slugs (D:2)
  5 giant geckos
  17 orcs
  A ball python (D:2)
  4 giant cockroaches
  8 goblins
  8 hobgoblins
  17 jackals
  4 quokkas
  4 bats
  8 giant newts
  A jackal skeleton (D:9)
  5 kobolds
  9 rats
217 creatures vanquished.

Vanquished Creatures (collateral kills)
  A worker ant (D:6)
  4 gnolls (D:6)
5 creatures vanquished.

Grand Total: 222 creatures vanquished

Notes
Turn   | Place    | Note
--------------------------------------------------------------
     0 | D:1      | Oddball22 the Spriggan Artificer began the quest for the Orb.
     0 | D:1      | Reached XP level 1. HP: 9/9 MP: 4/4
    47 | D:1      | Reached skill level 2 in Stealth
   245 | D:1      | Reached XP level 2. HP: 14/14 MP: 6/6
   764 | D:2      | Reached XP level 3. HP: 12/17 MP: 7/7
  1107 | D:2      | Reached skill level 3 in Stealth
  1414 | D:2      | Noticed Jessica
  1420 | D:2      | Killed Jessica
  1420 | D:2      | Reached XP level 4. HP: 21/21 MP: 8/8
  1491 | D:2      | Found an opulent altar of Gozag.
  1793 | D:2      | Found a bloodstained altar of Trog.
  1815 | D:2      | Reached skill level 4 in Stealth
  2075 | D:2      | Reached skill level 5 in Evocations
  2407 | D:2      | Found a glowing golden altar of the Shining One.
  2414 | D:2      | Found a basalt altar of Yredelemnul.
  2420 | D:2      | Noticed an angel
  2686 | D:3      | Found a blossoming altar of Fedhas.
  2834 | D:3      | Found a sparkling altar of Nemelex Xobeh.
  3219 | D:3      | Reached XP level 5. HP: 21/25 MP: 9/9
  3327 | D:4      | Noticed Duvessa
  3327 | D:4      | Noticed Dowan
  3414 | D:3      | Reached skill level 5 in Stealth
  3481 | D:4      | Reached skill level 5 in Dodging
  3614 | D:4      | Killed Dowan
  3614 | D:4      | Reached XP level 6. HP: 20/29 MP: 11/11
  3956 | D:4      | Found a deep blue altar of Sif Muna.
  4085 | D:5      | Entered Level 5 of the Dungeon
  4239 | D:5      | Reached skill level 6 in Stealth
  5244 | D:6      | Reached skill level 7 in Stealth
  5244 | D:6      | Reached XP level 7. HP: 16/32 MP: 12/12
  6016 | D:7      | Found Wimaw's Assorted Antiques.
  6450 | D:7      | Reached skill level 8 in Stealth
  6786 | D:6      | Reached skill level 9 in Stealth
  6786 | D:6      | Reached XP level 8. HP: 37/37 MP: 13/13
  7247 | D:5      | Reached skill level 5 in Short Blades
  7264 | D:5      | Reached skill level 10 in Stealth
  7323 | D:5      | Found a glowing silver altar of Zin.
  7434 | D:5      | Reached skill level 1 in Fighting
  7656 | D:5      | Found an ancient bone altar of Kikubaaqudgha.
  7907 | D:4      | Noticed Crazy Yiuf
  7913 | D:4      | Killed Crazy Yiuf
  8259 | D:6      | Noticed Menkaure
  8275 | D:6      | Killed Menkaure
  8421 | D:6      | Found a snail-covered altar of Cheibriados.
  8620 | D:6      | Found a staircase to the Ecumenical Temple.
  8626 | Temple   | Entered the Ecumenical Temple
  8632 | Temple   | Became a worshipper of Pakellas the Inventive
  8692 | D:8      | Found a bloodstained altar of Trog.
  8772 | D:8      | Reached XP level 9. HP: 28/44 MP: 14/14
  8831 | D:8      | Found a white marble altar of Elyvilon.
  8964 | D:8      | Reached * piety under Pakellas
  8993 | D:8      | Found a staircase to the Lair.
  9223 | D:8      | Found a shattered altar of Ashenzari.
  9359 | D:8      | Reached skill level 10 in Dodging
  9622 | D:9      | Reached skill level 5 in Fighting
  9775 | D:9      | Reached ** piety under Pakellas
  9775 | D:9      | Received a gift from Pakellas
  9905 | D:9      | Found a shimmering altar of Xom.
  9990 | D:9      | Reached XP level 10. HP: 43/53 MP: 15/15
 10321 | D:10     | Entered Level 10 of the Dungeon
 10426 | D:10     | Noticed a hill giant
 10447 | D:10     | Reached skill level 11 in Stealth
 10479 | D:10     | Noticed a spark wasp
 10479 | D:10     | a hill giant changed into a spark wasp
 10505 | D:10     | Killed a spark wasp
 10580 | D:9      | Reached skill level 12 in Stealth
 10584 | D:9      | Reached *** piety under Pakellas
 10790 | D:10     | Noticed a hill giant
 10796 | D:10     | Noticed a griffon
 10796 | D:10     | a hill giant changed into a griffon
 10807 | D:10     | Mangled by a griffon

Vault maps used:
D:1:      minmay_arrival_checkered_box, minivault_19,
          minmay_misc_feat_more_columns
D:2:      grunt_temple_overflow_holy_war, old_standard_altar, bloody_trog,
          uniq_jessica
D:3:      nemelex_xobeh_ov_fountains_minmay, fedhas_altar_2, first_bread
D:4:      lemuel_blue_sif_altar, grunt_decor_mini_mirrors,
          minmay_misc_feat_diagonals, minmay_misc_feat_five,
          uniq_crazy_yiuf_cottage, uniq_duvessa
D:5:      nicolae_overflow_crystal_walls, kennysheep_mini_moat
D:6:      slow_altar_2, minmay_temple_entry_enclosed_plants, uniq_menkaure
D:7:      serial_shops, kennysheep_mini
D:8:      elyvilon_altar_5, lair_0_dummy, hangedman_feature_mirror,
          blue_anna_alchemist, corexii_leaking_fountain
D:9:      kennysheep_little_box
Temple:   temple_eino_lava_8

Skill      XL: |  1  2  3  4  5  6  7  8  9 10 |
---------------+-------------------------------+-----
Stealth        | 2 3 4 5 7 9 10 12 | 12.3
Dodging        | 4 5 6 7 9 10 11 | 11.5
Evocations     | 5 6 7 |  7.7
Short Blades   | 2 3 4 6 7 8 |  8.6
Fighting       | 3 5 6 |  6.5

Action                   |  1- 3 |  4- 6 |  7- 9 | 10-12 || total
-------------------------+-------+-------+-------+-------++-------
Melee: Short sword       |   104 |   299 |   421 |    10 ||   834
       Quarterstaff      |       |       |   171 |    89 ||   260
Evoke: Wand              |     1 |    30 |    18 |    15 ||    64
  Use: Scroll            |       |     2 |     2 |       ||     4
       Potion            |       |       |     2 |     1 ||     3
 Stab: Sleeping          |     5 |    13 |    23 |     5 ||    46
       Distracted        |       |     1 |     5 |       ||     6
       Confused          |       |     1 |    12 |     3 ||    16
       Petrified         |       |       |     1 |     1 ||     2
       Paralysed         |       |       |       |     1 ||     1
  Eat: Pizza             |       |     2 |       |       ||     2
       Fruit             |       |       |     4 |     1 ||     5
